Map: Ruins of Seras

Players

RoboErectus

  • Race: Zerg Zerg
  • League: Gold

TeoTheToss - Winner!

  • Race: Protoss Protoss
  • League: Gold

VOD

Have the link to the VOD?

Description

PvZ 2-base Warp Prism All In off of nexus-first.

Time

  • Played on: Oct. 31, 2015, 11:36 p.m.
  • Length: 6:47
Show
View Real Time Build Order
Export as new Build Order

RoboErectus Zerg 

Build Orders: Hatch First 

Get SALT Encoding   

  12  0:01  Drone  
  13  0:12  Overlord  
  13  0:18  Drone  
  14  0:30  Drone x2  
  16  0:36  Drone  
  17  0:56  Hatchery  
  16  0:57  Drone  
  17  1:11  Spawning Pool  
  17  1:13  Drone  
  17  1:17  Drone  
  18  1:41  Drone  
  18  1:42  Hatchery  
  18  1:46  Drone  
  19  1:54  Drone  
  19  1:55  Drone  
  21  2:06  Overlord  
  21  2:07  Queen  
  23  2:10  Extractor  
  23  2:14  Drone x2  
  25  2:20  Drone  
  26  2:24  Queen  
  26  2:27  Drone  
  29  2:38  Drone x2  
  29  2:44  Drone  
  32  2:46  Queen  
  32  2:49  Overlord  
  34  2:51  Drone  
  34  2:56  Queen  
  37  2:59  Drone  
  38  3:07  Queen  
  38  3:08  Drone  
  38  3:09  Drone  
  42  3:22  Drone  
  42  3:23  Drone x6, Extractor x2  
  47  3:31  Drone x3  
  50  3:38  Overlord  
  50  3:40  Overlord  
  50  3:56  Drone x2  
  50  3:57  Drone x3, Roach Warren  
  54  4:04  Overlord x2  
  54  4:13  Extractor  
  54  4:14  Extractor  
  52  4:18  Evolution Chamber  
  52  4:19  Evolution Chamber  
  52  4:22  Drone  
  52  4:23  Drone x7  
  58  4:26  Lair  
  58  4:30  Drone  
  58  4:31  Drone  
  60  4:32  Hatchery  
  59  4:42  Drone x5  
  64  4:47  Zerg Missile Weapons Level 1  
  64  4:49  Zergling x6  
  67  4:56  Spore Crawler  
  67  4:58  Overlord, Spine Crawler  
  65  5:04  Roach  
  65  5:05  Roach  
  69  5:07  Roach  
  69  5:08  Spore Crawler, Spine Crawler  
  69  5:20  Overlord  
  71  5:28  Roach  
  71  5:29  Roach x5  
  79  5:46  Roach  
  79  5:47  Roach x5  
  90  5:56  Spine Crawler x2  
  83  5:57  Spine Crawler  
  83  6:03  Roach  
  90  6:04  Roach x4  
  90  6:09  Roach  
  90  6:10  Roach  
  86  6:16  Roach x3  
  78  6:26  Roach x4  
Show
View Real Time Build Order
Export as new Build Order

TeoTheToss Protoss - Winner!

Build Orders: Nexus First 

Get SALT Encoding   

  12  0:01  Probe (Chrono Boost)  
  13  0:11  Probe (Chrono Boost)  
  14  0:22  Probe (Chrono Boost)  
  14  0:23  Pylon  
  15  0:41  Probe (Chrono Boost)  
  16  0:57  Nexus  
  16  1:07  Gateway  
  16  1:12  Assimilator  
  16  1:18  Probe (Chrono Boost)  
  17  1:28  Probe (Chrono Boost)  
  18  1:37  Pylon  
  18  1:39  Probe (Chrono Boost)  
  19  1:50  Probe (Chrono Boost)  
  20  1:55  Cybernetics Core  
  20  1:56  Zealot  
  20  2:00  Probe (Chrono Boost)  
  23  2:06  Assimilator  
  23  2:10  Probe (Chrono Boost)  
  23  2:15  Probe (Chrono Boost)  
  25  2:25  Gateway  
  25  2:30  Probe (Chrono Boost)  
  25  2:34  Warp Gate  
  25  2:36  Mothership Core (Chrono Boost)  
  28  2:42  Pylon  
  28  2:45  Probe (Chrono Boost)  
  29  2:54  Probe (Chrono Boost)  
  29  2:57  Probe (Chrono Boost)  
  31  3:11  Robotics Facility  
  32  3:13  Probe x2 (Chrono Boost)  
  33  3:23  Probe x2 (Chrono Boost)  
  33  3:26  Gateway  
  35  3:36  Gateway  
  35  3:37  Probe x2 (Chrono Boost)  
  37  3:47  Gateway, Probe (Chrono Boost)  
  38  3:51  Sentry  
  40  4:01  Pylon  
  40  4:04  Warp Prism  
  40  4:08  Probe x2 (Chrono Boost)  
  44  4:18  Gateway  
  44  4:19  Gateway  
  44  4:22  Probe (Chrono Boost)  
  44  4:23  Probe (Chrono Boost)  
  46  4:36  Probe (Chrono Boost)  
  47  4:50  Pylon x2  
  47  4:56  Adept x3  
  47  4:57  Stalker x2  
  47  4:59  Pylon  
  57  5:14  Adept x2  
  57  5:16  Stalker x2  
  57  5:18  Adept  
  67  5:31  Stalker x2  
  71  5:37  Stalker x4  
  79  6:05  Stalker x3  
  83  6:13  Pylon x2  
  83  6:14  Zealot  
  85  6:18  Pylon  
  83  6:30  Stalker  
  85  6:33  Adept x4  
  85  6:34  Adept x2  
Tags
 
Add a new tag
Caveats
  • Supply blocks, unpowered buildings, or Contaminate may cause inaccurate times.
  • Supply counts are checked every 10 seconds.